 Dungeon Crawl Stone Soup version 0.31-a0-358-gac0dbeb3ab (webtiles) character file.

Game seed: 4337863457326988436

108 Edyrem the Shooter (level 4, 0/27 HPs)
             Began as a Tengu Hunter on July 25, 2023.
             Slain by Sigmund
             ... wielding a +0 scythe
              (7 damage)
             ... on level 2 of the Dungeon.
             The game lasted 00:03:20 (1306 turns).

Edyrem the Shooter (Tengu Hunter)                   Turns: 1306, Time: 00:03:20

Health: 0/27       AC:  6    Str: 11    XL:     4   Next: 87%
Magic:  5/5        EV: 13    Int: 16    God:
Gold:   67         SH:  0    Dex: 19    Spells: 3/3 levels left

rFire   . . .        a - +0 shortbow
rCold   . . .        (shield currently unavailable)
rNeg    . . .        c - +0 leather armour
rPois   +            e - +1 hat
rElec   .            (no cloak)
rCorr   .            d - +1 pair of gloves
SInv    .            (boots unavailable)
Will    .....        (no amulet)
Stlth   ++           h - ring of poison resistance
HPRegen 0.24/turn    m - +6 ring of intelligence
MPRegen 0.09/turn

%: no passive effects
@: no status effects
A: beak, talons 3
a: no special abilities


You were on level 2 of the Dungeon.
You visited 1 branch of the dungeon, and saw 2 of its levels.

You collected 67 gold pieces.

Inventory:

Hand Weapons
 a - a +0 shortbow (weapon)
 b - a +0 short sword of venom
Armour
 c - a +0 leather armour (worn)
 d - a +1 pair of gloves (worn)
 e - a +1 hat (worn)
Jewellery
 h - a ring of poison resistance (left hand)
 m - a +6 ring of intelligence (right hand)
Scrolls
 g - 2 scrolls of immolation {unknown}
 i - a scroll of fear {unknown}
 j - a scroll of teleportation {unknown}
 k - a scroll of butterflies
 l - a scroll of blinking {unknown}
 n - a scroll of noise {unknown}
Potions
 f - a potion of enlightenment {unknown}


   Skills:
 + Level 2.9 Fighting
 * Level 5.6 Ranged Weapons
 + Level 3.2 Dodging
 - Level 1.0 Stealth


You had 3 spell levels left.
You didn't know any spells.
Your spell library contained the following spells:

 Spells                   Type           Power      Damage    Failure   Level
 Summon Small Mammal      Summ           0%         N/A       32%         1
 Call Canine Familiar     Summ           0%         N/A       69%         3
 Dazzling Flash           Conj/Hex       0%         N/A       69%         3
 Inner Flame              Hex/Fire       0%         N/A       69%         3
 Summon Guardian Golem    Hex/Summ       0%         N/A       69%         3
 Volatile Blastmotes      Fire/Tloc      0%         2d10      69%         3
 Yara's Violent Unravell  Hex/Tmut       0%         3d3       100%        5
 Starburst                Conj/Fire      0%         6d3       100%        6
 Enfeeble                 Hex            0%         N/A       100%        7
 Maxwell's Capacitive Co  Air            0%         ∞         100%        8


Dungeon Overview and Level Annotations

Branches:
Dungeon (2/15)

Altars:

Annotations:
D:2 Sigmund


Innate Abilities, Weirdness & Mutations

You have a beak for a mouth.
You have claws for feet.


Message History

The orc hits you with a +0 hand axe. Something hits you.
You shoot an arrow. The arrow hits the orc!
You kill the orc!
The hobgoblin hits you. Something hits you.
Fire: a) +0 shortbow
Press: ? - help, Q - select action Shift-Dir - straight line, f - hobgoblin
Aim: a hobgoblin, quivering boomerangs (64% to hit)
You shoot an arrow. The arrow barely misses the hobgoblin.
The hobgoblin hits you but does no damage.
Something hits you.
The hobgoblin hits you but does no damage.
You shoot an arrow. The arrow hits the hobgoblin.
The hobgoblin is heavily wounded.
The hobgoblin completely misses you.
You shoot an arrow. The arrow hits the hobgoblin.
The hobgoblin is almost dead.
Something barely misses you. The hobgoblin hits you.
* * * LOW HITPOINT WARNING * * *
You shoot an arrow. The arrow hits the hobgoblin!
You kill the hobgoblin!
Something hits you but does no damage.
Fire: a) +0 shortbow
Press: ? - help, Q - select action Shift-Dir - straight line You shoot an arrow.
Something hits you.
* * * LOW HITPOINT WARNING * * *
Fire: a) +0 shortbow
Press: ? - help, Q - select action Shift-Dir - straight line You shoot an arrow.
Fire: a) +0 shortbow
Press: ? - help, Q - select action Shift-Dir - straight line You shoot an arrow.
You hear some strange, mumbled words.
You are confused.
Something barely misses you. Something barely misses you.
You're too confused to move!
You feel less confused. Something hits you!
You die...

#.# ##)....## #.#.# #.#
##......# #.#.# #.#
#.......# #.#.# #.#
#.#.....## #.# #####.#
#.#......###.#
......####.#..........#
#####.#....#......#####
#####..)####......#
...##.### #....@.#
.#.#..# #......#
.>...## #......#
##.#### ######.# #....#
#...()# #..### #.##..#
#..# ...? #### .?.).
......#


There were no monsters in sight!

Vanquished Creatures
  Terence (D:2)
  2 adders
  2 worms (D:2)
  4 dart slugs
  2 orcs (D:2)
  6 endoplasms
  A giant cockroach (D:1)
  5 hobgoblins
  2 jackals (D:2)
  3 ball pythons
  4 bats
  A frilled lizard (D:1)
  6 goblins
  6 kobolds
  4 rats (D:1)
49 creatures vanquished.

Notes
Turn   | Place    | Note
-------+----------+-------------------------------------------
     0 | D:1      | Edyrem the Tengu Hunter began the quest for the Orb.
     0 | D:1      | Reached XP level 1. HP: 12/12 MP: 2/2
    56 | D:1      | Reached XP level 2. HP: 15/17 MP: 3/3
   293 | D:1      | Reached XP level 3. HP: 14/22 MP: 4/4
   368 | D:1      | Reached skill level 5 in Ranged Weapons
   644 | D:2      | Noticed Sigmund
   866 | D:2      | Noticed Terence
   878 | D:2      | Killed Terence
   879 | D:2      | Reached XP level 4. HP: 11/27 MP: 5/5
  1306 | D:2      | Slain by Sigmund

Illustrated notes

Levels and vault maps discovered:
D:1:      ldierk_walled_garden_2, layout_basic
D:2:      layout_basic, hellmonk_ecumenical_altar_defaced_shrine,
          dreamdust_princess_bridge, uniq_terence, uniq_sigmund

Skill      XL: |  1  2  3 |
---------------+----------+-----
Ranged Weapons | 5 |  5.6
Dodging        | 3 |  3.2
Fighting       | |  2.9
Stealth        | |  1.0

Action                     |  1- 3 |  4- 6 || total
---------------------------+-------+-------++-------
   Fire: Shortbow          |    98 |    46 ||   144
 Armour: Leather armour    |    13 |     6 ||    19
  Dodge: Dodged            |    24 |    15 ||    39

Table legend: (Time is in decaauts)
 A = Elapsed time spent in this place.
 B = Non-inter-level travel time spent in this place.
 C = Inter-level travel time spent in this place.
 D = Time resting spent in this place.
 E = Time spent auto-exploring this place.
 F = Levels seen in this place.
 G = Mean time per level.
                   A        B        C        D        E       F      G
               +--------+--------+--------+--------+--------+-----+--------+
         Total |   1332 |   1269 |     63 |     62 |    898 |   2 |  666.0 |
       Dungeon |   1332 |   1269 |     63 |     62 |    898 |   2 |  666.0 |
               +--------+--------+--------+--------+--------+-----+--------+

Top non-repeatable levels by time:
     D:2: 675 daAuts
     D:1: 656 daAuts
